Map: [ESL] Cosmic Sapphire

Players

Geralt (Gerald)

  • Race: Protoss Protoss
  • League: Master
  • Spawn Location: 5:00

Serral - Winner!

  • Race: Zerg Zerg
  • Spawn Location: 11:00

Event: HomeStory Cup XXII

VOD

Have the link to the VOD?

Description

Time

  • Played on: Dec. 15, 2022, 1:50 p.m.
  • Length: 11:26

All games in this series

Show
View Real Time Build Order
Export as new Build Order

Geralt Protoss 

Build Orders: 1 Gate Expand, Oracle Opening 

Get SALT Encoding   

  12  0:00  Probe  
  13  0:12  Probe  
  14  0:20  Pylon  
  14  0:24  Probe  
  15  0:38  Probe (Chrono Boost)  
  15  0:40  Gateway  
  16  0:47  Probe (Chrono Boost)  
  16  0:49  Assimilator  
  17  0:52  Probe (Chrono Boost)  
  18  1:04  Probe  
  19  1:16  Probe  
  20  1:25  Nexus  
  20  1:29  Probe  
  21  1:38  Cybernetics Core  
  21  1:41  Probe  
  21  1:46  Assimilator  
  22  1:53  Probe  
  23  1:56  Pylon  
  23  2:13  Adept (Chrono Boost)  
  23  2:14  Probe  
  24  2:22  Stargate  
  26  2:26  Probe  
  27  2:32  Warp Gate  
  27  2:34  Adept (Chrono Boost)  
  27  2:38  Probe x2  
  31  2:50  Probe x2  
  33  2:57  Adept  
  35  3:02  Probe x2  
  41  3:12  Void Ray (Chrono Boost)  
  41  3:14  Probe  
  41  3:15  Probe  
  41  3:16  Pylon  
  43  3:26  Probe  
  44  3:31  Probe  
  45  3:39  Nexus  
  45  3:41  Oracle (Chrono Boost)  
  45  3:45  Probe  
  49  3:50  Probe  
  49  3:53  Pylon  
  50  3:57  Probe  
  50  4:00  Assimilator  
  50  4:02  Probe  
  52  4:06  Twilight Council  
  52  4:08  Gateway  
  52  4:21  Probe  
  51  4:26  Adept  
  53  4:37  Probe  
  50  4:41  Probe  
  50  4:42  Blink (Chrono Boost), Pylon  
  48  4:46  Gateway x2  
  48  4:48  Adept  
  48  4:49  Probe, Gateway  
  48  4:50  Gateway  
  51  4:54  Probe  
  51  4:57  Gateway  
  53  5:00  Probe (Chrono Boost)  
  53  5:01  Probe (Chrono Boost)  
  53  5:05  Stalker  
  53  5:06  Probe (Chrono Boost)  
  57  5:14  Probe (Chrono Boost), Adept  
  61  5:17  Probe x2 (Chrono Boost)  
  61  5:19  Pylon  
  61  5:21  Probe (Chrono Boost)  
  60  5:23  Probe (Chrono Boost)  
  60  5:25  Probe  
  63  5:30  Probe  
  63  5:31  Gateway  
  63  5:33  Gateway  
  63  5:34  Probe  
  65  5:41  Pylon  
  65  5:43  Probe  
  65  5:45  Stalker x3  
  65  5:49  Probe  
  73  5:55  Probe, Stalker  
  77  5:57  Stalker x2  
  77  6:02  Probe  
  77  6:03  Probe  
  82  6:11  Probe  
  82  6:13  Pylon  
  82  6:14  Pylon  
  84  6:22  Stalker x3  
  84  6:23  Stalker x2  
  84  6:24  Stalker  
  93  6:29  Probe  
  88  6:32  Zealot  
  88  6:33  Zealot x2  
  88  6:39  Probe  
  89  6:46  Stalker x4  
  83  6:47  Sentry  
  83  6:48  Probe  
  81  6:59  Stalker x2  
  81  7:00  Stalker  
  81  7:13  Stalker x2  
  81  7:15  Probe  
  86  7:16  Assimilator  
  86  7:20  Assimilator  
  84  7:24  Probe  
  84  7:25  Probe, Robotics Facility  
  87  7:36  Adept  
  89  7:38  Adept  
  89  7:40  Probe  
  89  7:42  Stalker  
  93  7:46  Probe x2  
  93  7:48  Pylon  
  95  7:52  Probe  
  95  7:57  Stalker x4  
  95  7:58  Stalker  
  103  8:06  Stalker x2  
  103  8:08  Probe  
  106  8:21  Robotics Bay  
  102  8:27  Observer  
  102  8:28  Stalker  
  102  8:30  Nexus  
  102  8:33  Stalker  
  102  8:34  Stalker  
  109  8:36  Pylon  
  109  8:43  Probe  
  107  8:50  Stalker x4  
  115  8:56  Probe  
  115  9:01  Pylon  
  116  9:05  Zealot x5  
  116  9:06  Disruptor (Chrono Boost)  
  111  9:15  Probe, Shield Battery  
  114  9:17  Stalker  
  114  9:21  Forge  
  114  9:22  Pylon  
  114  9:23  Pylon  
  114  9:24  Pylon  
  116  9:25  Pylon  
  116  9:28  Probe, Nexus  
  116  9:31  Gateway  
  117  9:33  Gateway  
  117  9:37  Assimilator  
  117  9:38  Probe  
  117  9:42  Disruptor (Chrono Boost)  
  121  9:45  Stalker x3  
  121  9:47  Charge (Chrono Boost)  
  127  9:56  Shield Battery  
  127  10:00  Probe  
  127  10:04  Robotics Facility, Pylon  
  124  10:07  Stalker x2  
  122  10:20  Stalker x3  
  122  10:21  Stalker  
  120  10:32  Stalker x2  
  120  10:33  Stalker x2  
  113  10:39  Stalker  
  113  10:40  Probe, Stalker  
  113  10:42  Probe, Disruptor (Chrono Boost)  
  97  10:56  Stalker x3  
  99  11:01  Zealot x2  
  94  11:07  Zealot x2  
  94  11:09  Zealot  
Show
View Real Time Build Order
Export as new Build Order

Serral Zerg - Winner!

Build Orders: Hatch First 

Get SALT Encoding   

  12  0:00  Drone  
  13  0:11  Overlord  
  13  0:16  Drone  
  14  0:29  Drone  
  14  0:30  Drone  
  17  0:42  Drone  
  17  0:51  Hatchery  
  17  0:54  Drone  
  17  0:57  Drone  
  18  1:08  Extractor  
  17  1:14  Spawning Pool  
  17  1:16  Drone  
  17  1:20  Drone  
  18  1:27  Drone  
  19  1:39  Drone  
  20  1:48  Overlord  
  20  2:00  Queen  
  22  2:04  Queen, Zergling x2  
  22  2:05  Zergling x2  
  26  2:10  Drone  
  26  2:11  Metabolic Boost  
  26  2:14  Drone  
  28  2:21  Drone  
  29  2:24  Drone  
  30  2:36  Hatchery  
  29  2:42  Queen  
  31  2:45  Drone  
  31  2:47  Drone  
  33  2:52  Overlord  
  33  2:55  Drone  
  34  2:59  Drone  
  34  3:02  Drone  
  34  3:04  Overlord  
  35  3:10  Queen  
  35  3:12  Zergling x2  
  38  3:13  Zergling x2  
  38  3:16  Drone  
  38  3:17  Drone  
  41  3:20  Drone x2  
  41  3:26  Drone  
  44  3:27  Drone  
  44  3:29  Drone  
  44  3:32  Queen  
  48  3:35  Overlord  
  48  3:39  Drone  
  49  3:44  Drone  
  49  3:46  Drone x2  
  51  3:51  Queen  
  51  3:54  Drone x3  
  56  3:58  Overlord  
  56  4:01  Overlord  
  56  4:06  Spore Crawler  
  56  4:07  Spore Crawler  
  56  4:08  Drone  
  56  4:10  Drone  
  52  4:18  Zergling x4  
  52  4:22  Spore Crawler  
  52  4:24  Drone x5  
  52  4:29  Zergling x2  
  59  4:31  Drone x2  
  59  4:36  Overlord  
  59  4:38  Drone  
  57  4:42  Drone  
  57  4:45  Baneling Nest  
  57  4:46  Roach Warren  
  57  4:47  Drone  
  57  4:48  Drone  
  57  4:52  Drone  
  59  4:57  Drone x3  
  59  4:59  Drone x4  
  66  5:02  Drone x2  
  66  5:06  Drone  
  69  5:13  Lair  
  69  5:14  Zergling x2  
  69  5:15  Zergling x2  
  69  5:18  Drone  
  71  5:21  Zergling x2  
  71  5:25  Drone x4  
  71  5:26  Hatchery  
  71  5:27  Drone x2  
  77  5:30  Extractor x2  
  77  5:32  Overlord  
  77  5:33  Evolution Chamber  
  74  5:37  Drone x2  
  74  5:39  Overlord  
  74  5:41  Drone x3  
  79  5:44  Overlord  
  79  5:48  Zergling x4  
  80  5:55  Extractor, Zergling x14  
  86  5:58  Zerg Missile Weapons Level 1  
  86  5:59  Queen  
  86  6:02  Overlord  
  87  6:13  Glial Reconstitution  
  87  6:15  Overlord  
  87  6:17  Overlord  
  85  6:29  Roach x13  
  107  6:39  Roach x3  
  108  6:46  Roach  
  106  6:56  Roach x6, Spawning Pool  
  114  7:04  Drone x2  
  114  7:05  Burrow  
  112  7:09  Hatchery  
  112  7:11  Roach x2  
  115  7:18  Drone  
  115  7:22  Drone  
  115  7:25  Roach x3  
  115  7:27  Overlord x2  
  121  7:32  Overlord, Tunneling Claws  
  121  7:33  Overlord  
  121  7:49  Roach x8  
  137  7:53  Zerg Melee Weapons Level 1  
  137  7:56  Drone x4  
  137  7:57  Drone  
  142  8:01  Baneling Nest  
  140  8:08  Drone x7  
  145  8:15  Roach x10  
  145  8:17  Roach x6  
  150  8:23  Roach x4  
  150  8:26  Zergling x2  
  159  8:28  Overlord  
  159  8:31  Overlord  
  159  8:32  Overlord  
  159  8:34  Overlord  
  159  8:35  Roach x4  
  159  8:36  Roach x5  
  159  8:46  Zergling x18  
  166  8:49  Centrifugal Hooks  
  166  8:53  Evolution Chamber  
  165  8:58  Zergling x10  
  163  9:03  Hatchery, Roach x3  
  163  9:07  Roach x4  
  162  9:10  Roach x2  
  165  9:18  Overlord  
  165  9:22  Zergling x16  
  173  9:27  Zergling x4  
  173  9:29  Pneumatized Carapace, Overseer  
  173  9:30  Overseer  
  173  9:31  Roach x36  
  174  9:33  Spore Crawler, Drone  
  174  9:34  Spore Crawler, Drone  
  174  9:35  Drone x6  
  180  9:41  Zergling x4  
  182  9:47  Zergling x14  
  182  9:52  Overlord  
  189  9:55  Zergling x4  
  192  10:00  Unknown, Drone x3  
  192  10:01  Baneling x4  
  192  10:02  Baneling x5  
  192  10:05  Zergling x12  
  199  10:11  Infestation Pit  
  199  10:13  Drone x2  
  199  10:17  Drone x4  
  199  10:21  Zergling x10  
  199  10:27  Zergling x8  
  193  10:34  Zergling x16  
  186  10:38  Zergling x2  
  186  10:41  Zergling x10  
  185  10:45  Queen  
  185  10:46  Hatchery  
  185  10:48  Zergling x6  
  186  10:53  Zergling x6  
  183  10:58  Zergling x2  
  183  11:01  Zergling x10  
  184  11:04  Zergling x2  
  184  11:05  Zergling x4  
  184  11:08  Zergling x6  
Tags
 
Add a new tag
Caveats
  • Supply blocks, unpowered buildings, or Contaminate may cause inaccurate times.
  • Supply counts are checked every 10 seconds.